 Dungeon Crawl Stone Soup version 0.18.1-48-g4cf74bf (webtiles) character file.

191 Drake420 the Covert (level 5, 0/38 HPs)
             Began as a Vampire Assassin on June 29, 2016.
             Was an Initiate of Dithmenos.
             Killed from afar by an orc wizard (9 damage)
             ... with a puff of frost
             ... on level 4 of the Dungeon.
             The game lasted 00:11:25 (2820 turns).

Drake420 the Covert (Vampire Assassin)              Turns: 2820, Time: 00:11:25

Health: 0/38       AC:  3    Str: 10    XL:     5   Next: 42%
Magic:  5/5        EV: 13    Int: 14    God:    Dithmenos [......]
Gold:   191        SH:  0    Dex: 16    Spells: 0 memorised, 4 levels left

rFire  . . .     SeeInvis +     a - +2 dagger
rCold  . . .     Gourm    .     c - +0 robe
rNeg   . . .     Faith    .     (no shield)
rPois  .         Spirit   .     (no helmet)
rElec  .         Dismiss  .     m - +0 cloak (curse)
rCorr  .         Reflect  .     (no gloves)
SustAt .         Harm     .     (no boots)
MR     .....                    (no amulet)
Stlth  +++++.....               (no ring)
                                (no ring)

@: regenerating quickly, not resistant to hostile enchantments, quite stealthy
A: fangs 3, see invisible, unbreathing
a: Renounce Religion


You were on level 4 of the Dungeon.
You worshipped Dithmenos.
Dithmenos was noncommittal.
You were full.

You visited 2 branches of the dungeon, and saw 5 of its levels.

You collected 191 gold pieces.

Inventory:

Hand Weapons
 a - a +2 dagger (weapon)
 b - a +0 blowgun
Missiles
 e - 8 poisoned needles
 f - 2 curare-tipped needles
Armour
 c - a +0 robe (worn)
 d - a +0 cloak
 m - a cursed +0 cloak (worn)
Scrolls
 h - 3 scrolls of identify
 i - a scroll of immolation {unknown}
 k - a scroll of teleportation {unknown}
 q - a scroll of remove curse {unknown}
 r - a scroll of fear {unknown}
Potions
 g - 3 potions of blood
 j - 3 potions of lignification
 l - 2 potions of resistance {unknown}
 n - 2 potions of mutation {unknown}
 o - 2 potions of heal wounds {unknown}
 p - a potion of agility {unknown}
 s - 3 potions of invisibility {unknown}


   Skills:
 + Level 2.1 Fighting
 + Level 2.6 Short Blades
 + Level 1.6 Throwing
 + Level 2.9 Dodging
 + Level 8.9 Stealth


You had 4 spell levels left.
You didn't know any spells.

Dungeon Overview and Level Annotations

Branches:
Dungeon (4/15)             Temple (1/1) D:4

Altars:
Cheibriados
Dithmenos
Elyvilon
Gozag
Ru
Trog
Vehumet
Xom
Yredelemnul


Innate Abilities, Weirdness & Mutations

Your natural rate of healing is unusually fast.
You have razor-sharp teeth.
You have supernaturally acute eyesight.
You can survive without breathing.


Message History

You hit the orc wizard. You bite the orc wizard.
The orc wizard is heavily wounded.
The orc wizard points at you and mumbles some strange words.
The puff of frost misses you.
The orc wizard casts a cantrip, but nothing happens.
The orc wizard points at you and mumbles some strange words.
The puff of flame hits you!
The orc wizard gestures at you while chanting.
The magic dart hits you!
The orc wizard gestures at you while chanting.
The puff of flame hits you!
* * * LOW HITPOINT WARNING * * *
Read which item? (? for menu, Esc to quit)
As you read the scroll labeled LIUW JYGOPSO, it crumbles to dust.
It is a scroll of identify.
Identify which item? (\ to view known items) (? for menu, Esc to quit)
j - 3 potions of lignification The orc wizard gestures at you while chanting.
The puff of frost hits you!
You die...

#......... #...####.#
#...####.# #......#..
# ### #####.........
#.##.# #.##.....#.#.#
#....###.###.#..#.#.#
#.oo[.....#..#.#.#
#@###.###.#..#.#..
#.###.###.8.#.....
.....o............
#####....8.>.8....#
..............##
#.....#.8.#...##
................
#..............##
.....<..........


You could see 2 orc wizards.

Vanquished Creatures
  Crazy Yiuf (D:2)
  Jessica (D:3)
  A hound skeleton (D:4)
  4 adders
  An ooze (D:4)
  2 worms
  3 giant geckos
  5 orcs
  8 giant cockroaches
  7 goblins
  6 hobgoblins
  12 kobolds
  4 ball pythons
  A ball python skeleton (D:4)
  7 bats
  5 giant newts
  7 rats
75 creatures vanquished.

Notes
Turn   | Place    | Note
--------------------------------------------------------------
     0 | D:1      | Drake420 the Vampire Assassin began the quest for the Orb.
     0 | D:1      | Reached XP level 1. HP: 16/16 MP: 1/1
    24 | D:1      | Reached skill level 6 in Stealth
   229 | D:1      | Reached XP level 2. HP: 22/22 MP: 2/2
   650 | D:1      | Reached skill level 7 in Stealth
  1063 | D:2      | Reached XP level 3. HP: 27/27 MP: 3/3
  1487 | D:2      | Noticed Crazy Yiuf
  1493 | D:2      | Killed Crazy Yiuf
  1493 | D:2      | Reached XP level 4. HP: 33/33 MP: 4/4
  1681 | D:3      | Reached skill level 8 in Stealth
  1890 | D:3      | Noticed Jessica
  1901 | D:3      | Killed Jessica
  1901 | D:3      | Reached XP level 5. HP: 38/38 MP: 5/5
  2674 | D:4      | Found a staircase to the Ecumenical Temple.
  2683 | Temple   | Entered the Ecumenical Temple
  2703 | Temple   | Became a worshipper of Dithmenos the Shadowed
  2820 | D:4      | Killed from afar by an orc wizard

Skill      XL: |  1  2  3  4 |
---------------+-------------+-----
Stealth        | 6 7 8 |  8.9
Fighting       | 2 |  2.1
Dodging        | 2 |  2.9
Short Blades   | |  2.6
Throwing       | |  1.6

Action                   |  1- 3 |  4- 6 || total
-------------------------+-------+-------++-------
Melee: Dagger            |   108 |   126 ||   234
       Bite              |    10 |     8 ||    18
  Use: Potion            |       |     3 ||     3
       Scroll            |       |     1 ||     1
 Stab: Sleeping          |    15 |    10 ||    25
       Distracted        |     1 |       ||     1
  Eat: Corpse            |    14 |     2 ||    16
Armor: Robe              |    24 |    12 ||    36
Dodge: Dodged            |    50 |    67 ||   117
